Map: Berlingrad LE

Players

Reynor - Winner!

  • Race: Zerg Zerg
  • League: Master

DnS

  • Race: Protoss Protoss

Event: DreamHack SC2 Masters Last Chance 2022

VOD

Have the link to the VOD?

Description

Time

  • Played on: Dec. 17, 2021, 12:17 p.m.
  • Length: 10:30

All games in this series

Show
View Real Time Build Order
Export as new Build Order

Reynor Zerg - Winner!

Build Orders: Hatch First 

Get SALT Encoding   

  12  0:00  Drone  
  13  0:11  Overlord  
  13  0:16  Drone  
  14  0:30  Drone x2  
  16  0:41  Drone  
  17  0:51  Hatchery  
  17  0:54  Drone  
  17  0:57  Drone  
  18  1:08  Extractor  
  17  1:12  Spawning Pool  
  17  1:16  Drone  
  17  1:19  Drone  
  18  1:27  Drone  
  19  1:38  Drone  
  20  1:48  Overlord  
  20  1:59  Queen  
  22  2:03  Zergling x4, Queen  
  26  2:10  Drone  
  26  2:13  Metabolic Boost  
  26  2:14  Drone  
  28  2:21  Drone  
  29  2:24  Drone  
  30  2:35  Hatchery  
  30  2:37  Zergling x2  
  30  2:39  Drone  
  31  2:47  Queen  
  31  2:50  Overlord  
  33  2:53  Drone  
  33  2:55  Drone  
  35  2:58  Drone  
  35  3:03  Overlord  
  36  3:09  Drone x3  
  36  3:11  Drone  
  40  3:17  Queen  
  42  3:20  Drone  
  42  3:21  Drone  
  44  3:28  Overlord  
  44  3:31  Queen  
  44  3:33  Drone  
  47  3:43  Drone  
  47  3:44  Roach Warren  
  47  3:45  Drone  
  48  3:49  Queen  
  48  3:53  Drone x2  
  52  3:58  Drone x2  
  52  3:59  Overlord  
  52  4:02  Zergling x4  
  56  4:04  Zergling x2  
  56  4:09  Queen  
  59  4:10  Drone  
  59  4:11  Drone  
  59  4:17  Zergling x6  
  64  4:19  Drone  
  64  4:20  Drone  
  64  4:23  Overlord  
  66  4:24  Drone  
  66  4:26  Drone  
  66  4:28  Drone  
  69  4:31  Overlord  
  69  4:32  Extractor  
  69  4:33  Drone  
  69  4:38  Overlord  
  69  4:41  Drone  
  69  4:42  Drone  
  71  4:49  Drone x3  
  71  4:51  Overlord  
  74  4:53  Roach x2  
  74  4:54  Roach, Extractor  
  74  4:59  Roach x2  
  83  5:02  Lair  
  83  5:12  Drone x4  
  86  5:14  Roach x2  
  90  5:28  Evolution Chamber  
  89  5:30  Zergling x18  
  89  5:34  Overlord  
  97  5:48  Overlord  
  97  5:50  Overlord x2  
  97  5:52  Queen  
  97  5:55  Ravager x4  
  97  5:57  Drone x2  
  105  5:58  Extractor  
  105  5:59  Drone  
  105  6:01  Overseer  
  105  6:02  Overlord  
  103  6:07  Drone x4  
  103  6:08  Drone x2  
  103  6:09  Queen  
  111  6:11  Extractor  
  111  6:12  Roach x2  
  111  6:13  Roach  
  111  6:15  Roach  
  118  6:19  Zergling x8  
  118  6:21  Spine Crawler  
  118  6:23  Overlord  
  121  6:26  Ravager  
  121  6:28  Roach  
  121  6:31  Queen  
  125  6:35  Overlord  
  125  6:43  Ravager x2  
  125  6:44  Zergling x4, Roach x2  
  125  6:45  Zergling x4  
  135  6:50  Roach x3  
  135  6:52  Overlord  
  141  6:55  Roach  
  141  6:58  Drone x2  
  141  6:59  Drone  
  145  7:01  Extractor, Glial Reconstitution  
  145  7:08  Overlord  
  144  7:09  Drone x2  
  146  7:16  Roach x3  
  146  7:18  Roach  
  146  7:19  Overlord  
  146  7:22  Overlord  
  154  7:26  Overseer  
  154  7:27  Drone  
  154  7:28  Drone  
  154  7:29  Drone x3  
  159  7:30  Roach  
  159  7:31  Overlord  
  161  7:37  Roach  
  161  7:38  Roach  
  161  7:39  Ravager x2  
  167  7:46  Overlord  
  167  7:48  Roach x5  
  167  7:50  Ravager  
  161  7:58  Roach x2  
  161  7:59  Roach x5  
  161  8:00  Roach  
  161  8:03  Queen x2  
  165  8:08  Ravager x3  
  165  8:10  Roach  
  162  8:19  Roach x4  
  148  8:20  Roach x2  
  148  8:25  Roach  
  136  8:29  Roach x2  
  126  8:36  Roach  
  116  8:42  Roach x4  
  116  8:43  Roach  
  116  8:45  Queen  
  116  8:48  Queen  
  117  8:52  Drone x2  
  118  8:55  Queen  
  118  9:01  Roach x3  
  126  9:05  Ravager x2, Roach  
  126  9:08  Ravager  
  131  9:10  Roach  
  131  9:16  Roach x2  
  137  9:20  Baneling Nest  
  137  9:23  Roach  
  138  9:26  Roach x2  
  138  9:30  Roach x2  
  138  9:31  Zergling x2  
  147  9:34  Hatchery  
  147  9:35  Zergling x2  
  147  9:36  Zergling x8  
  152  9:38  Ravager  
  152  9:39  Ravager  
  152  9:42  Overseer  
  152  9:45  Roach x3  
  159  9:47  Ravager  
  159  9:53  Roach  
  159  9:57  Roach x4  
  167  10:00  Roach x3  
  167  10:09  Roach x3  
Show
View Real Time Build Order
Export as new Build Order

DnS Protoss 

Build Orders: 1 Gate Expand, Archon Immortal 

Get SALT Encoding   

  12  0:00  Probe  
  13  0:12  Probe  
  14  0:19  Pylon  
  14  0:24  Probe  
  15  0:37  Probe (Chrono Boost)  
  16  0:43  Gateway  
  16  0:46  Probe (Chrono Boost)  
  17  0:52  Assimilator, Probe  
  18  1:04  Probe  
  19  1:16  Probe  
  20  1:26  Nexus  
  20  1:34  Cybernetics Core  
  20  1:37  Probe  
  21  1:45  Assimilator  
  21  1:49  Probe  
  21  1:52  Pylon  
  23  2:01  Adept, Probe (Chrono Boost)  
  23  2:13  Probe (Chrono Boost)  
  26  2:17  Robotics Facility  
  26  2:22  Probe (Chrono Boost)  
  27  2:23  Warp Gate  
  27  2:33  Probe (Chrono Boost)  
  27  2:34  Stalker  
  30  2:38  Probe (Chrono Boost)  
  32  2:48  Probe x2 (Chrono Boost)  
  33  2:53  Probe (Chrono Boost)  
  33  2:55  Probe  
  35  3:05  Warp Prism, Probe  
  36  3:08  Probe  
  36  3:12  Gateway  
  39  3:17  Probe  
  39  3:18  Adept  
  42  3:20  Probe  
  43  3:28  Pylon  
  43  3:29  Probe  
  43  3:33  Probe  
  45  3:44  Immortal (Chrono Boost)  
  49  3:51  Probe  
  49  3:52  Probe  
  51  3:56  Pylon  
  51  4:03  Assimilator, Probe  
  51  4:04  Probe  
  51  4:05  Assimilator  
  51  4:06  Pylon  
  53  4:15  Probe  
  53  4:16  Immortal (Chrono Boost), Sentry  
  53  4:17  Sentry  
  62  4:27  Probe  
  62  4:30  Twilight Council, Probe  
  64  4:32  Pylon, Forge  
  65  4:49  Immortal (Chrono Boost)  
  65  4:51  Gateway, Pylon  
  65  4:52  Gateway  
  68  4:55  Sentry x2  
  72  5:02  Protoss Ground Weapons Level 1 (Chrono Boost)  
  70  5:16  Charge (Chrono Boost)  
  68  5:21  Immortal (Chrono Boost)  
  68  5:26  Probe  
  73  5:29  Gateway x2  
  73  5:37  Zealot x2  
  77  5:47  Templar Archives  
  77  5:48  Gateway x2  
  81  5:57  Immortal  
  81  6:07  Zealot x2  
  81  6:10  Pylon  
  85  6:11  Pylon  
  85  6:27  Pylon  
  85  6:30  Nexus  
  85  6:34  Pylon  
  85  6:35  Zealot x2, High Templar x2  
  85  6:39  Archon  
  95  6:52  Pylon  
  95  6:53  Probe  
  94  6:55  High Templar x2  
  94  6:56  Zealot x4  
  94  7:00  Archon  
  105  7:01  Pylon  
  105  7:02  Pylon  
  105  7:08  Zealot x2  
  105  7:11  Shield Battery  
  109  7:23  Zealot x2, High Templar x2  
  109  7:27  Archon  
  109  7:28  Zealot x4  
  125  7:33  Observer (Chrono Boost)  
  126  7:47  Pylon  
  126  7:48  Zealot x5  
  107  8:07  Zealot x3  
  107  8:09  Zealot x3  
  97  8:23  Zealot x2  
  79  8:27  Zealot x2  
  79  8:28  Zealot  
  79  8:30  Zealot x2  
  77  8:35  Zealot  
  57  8:54  High Templar  
  57  8:55  High Templar x4  
  63  8:56  High Templar  
  63  8:57  Zealot x2  
  63  8:59  Archon x2  
  63  9:00  Archon  
  73  9:25  High Templar x2  
  73  9:29  Zealot x2  
  73  9:30  Zealot, Archon  
  83  9:31  Zealot x3  
  89  9:55  Zealot x6  
  89  9:57  Zealot x2  
  74  10:15  Zealot x6  
  74  10:19  Zealot  

Tags
 
Add a new tag
Caveats
  • Supply blocks, unpowered buildings, or Contaminate may cause inaccurate times.
  • Supply counts are checked every 10 seconds.